Map: Pillars of Gold LE

Players

MeomaikA - Winner!

  • Race: Zerg Zerg
  • League: Grandmaster
  • Spawn Location: 1:00

Seither

  • Race: Terran Terran
  • Spawn Location: 7:00

Event: DreamHack SC2 Masters 2020 Summer Oceania RoA

VOD

Have the link to the VOD?

Description

Time

  • Played on: June 25, 2020, 5:28 a.m.
  • Length: 11:03

All games in this series

Show
View Real Time Build Order
Export as new Build Order

MeomaikA Zerg - Winner!

Build Orders: Hatch First 

Get SALT Encoding   

  12  0:01  Drone  
  13  0:08  Drone  
  14  0:18  Overlord  
  14  0:25  Drone, Extractor  
  15  0:36  Drone x2  
  17  0:53  Hatchery  
  17  0:56  Drone  
  17  1:10  Spawning Pool  
  16  1:12  Drone  
  16  1:15  Extractor  
  16  1:18  Drone  
  17  1:21  Drone  
  18  1:28  Drone  
  19  1:40  Overlord  
  19  1:50  Drone  
  20  1:56  Queen  
  20  2:00  Drone  
  23  2:05  Queen  
  23  2:07  Zergling x2  
  26  2:12  Drone  
  26  2:15  Metabolic Boost  
  27  2:16  Drone  
  27  2:22  Drone  
  29  2:27  Drone  
  30  2:34  Drone  
  31  2:37  Drone  
  31  2:46  Drone  
  31  2:49  Drone  
  31  2:50  Queen  
  35  2:53  Lair  
  35  2:57  Overlord  
  35  3:09  Overlord  
  35  3:11  Overlord  
  35  3:14  Extractor  
  35  3:15  Drone  
  35  3:18  Evolution Chamber  
  35  3:19  Drone x2  
  36  3:21  Drone  
  36  3:22  Drone  
  36  3:25  Zergling x2  
  39  3:33  Zergling x6  
  42  3:35  Pneumatized Carapace  
  42  3:39  Zergling x2  
  44  3:46  Zergling x10  
  44  3:48  Zergling x2  
  50  4:05  Zergling x4  
  50  4:07  Zergling x2  
  50  4:08  Zergling x2  
  50  4:09  Hatchery  
  53  4:12  Zergling x2  
  53  4:16  Zergling x8  
  58  4:22  Zergling x2  
  59  4:27  Drone  
  58  4:33  Zergling x2  
  58  4:34  Queen  
  58  4:36  Queen  
  60  4:49  Overlord  
  60  4:57  Zergling x2  
  60  4:59  Zergling x2  
  47  5:13  Zergling x2  
  45  5:20  Zergling x2  
  42  5:26  Zergling x2  
  37  5:31  Drone  
  34  5:37  Zergling x2  
  34  5:42  Zergling x2  
  36  5:49  Queen  
  38  5:52  Zergling x2  
  35  6:03  Zergling x2  
  34  6:05  Queen  
  34  6:11  Zergling x6  
  37  6:15  Zergling x2  
  39  6:21  Queen  
  39  6:24  Zergling x2  
  42  6:29  Zergling x2  
  41  6:33  Zergling x2  
  41  6:37  Drone  
  41  6:45  Drone  
  41  6:46  Drone  
  38  6:54  Drone  
  38  6:58  Zergling x2  
  37  7:01  Queen  
  37  7:02  Queen  
  37  7:05  Drone  
  37  7:07  Drone  
  42  7:10  Zergling x2  
  42  7:13  Zergling x2  
  41  7:16  Zergling x2  
  41  7:20  Drone  
  41  7:21  Drone  
  41  7:22  Drone  
  44  7:25  Zergling x2  
  44  7:27  Zergling x2  
  46  7:31  Zergling x2  
  46  7:34  Drone x2  
  49  7:42  Zergling x2  
  50  7:44  Drone  
  50  7:46  Drone  
  50  7:50  Drone  
  50  7:51  Queen  
  53  7:54  Drone  
  53  7:57  Drone x2  
  58  7:59  Drone  
  58  8:01  Drone  
  58  8:03  Drone  
  60  8:08  Queen  
  60  8:10  Zergling x2  
  60  8:12  Zergling x2  
  61  8:18  Overlord x2  
  61  8:24  Overlord  
  61  8:29  Overlord x2  
  61  8:36  Spire  
  61  8:41  Zergling x8  
  61  8:43  Zergling x2  
  61  8:45  Zergling x2  
  61  8:46  Zergling x2  
  61  8:48  Zergling x2  
  68  8:55  Overlord  
  68  8:56  Zergling x4  
  68  8:57  Zergling x2  
  68  8:58  Zergling x2  
  68  9:00  Zergling x2  
  73  9:04  Spine Crawler  
  73  9:06  Overlord  
  73  9:07  Drone  
  73  9:30  Drone x5  
  73  9:31  Drone x4  
  82  9:33  Overlord  
  82  9:34  Queen  
  82  9:35  Extractor  
  82  9:36  Drone x2  
  82  9:37  Drone  
  86  9:42  Queen  
  85  9:57  Drone x7  
  91  10:13  Mutalisk x3  
  97  10:17  Zergling x4  
  97  10:18  Mutalisk, Extractor  
  101  10:21  Zergling x2  
  101  10:25  Mutalisk  
  101  10:27  Mutalisk  
  105  10:31  Zergling x2, Overlord  
  105  10:34  Overlord  
  106  10:38  Overlord  
Show
View Real Time Build Order
Export as new Build Order

Seither Terran 

Build Orders: Liberator Opening, Reaper Expand 

Get SALT Encoding   

  12  0:00  SCV  
  13  0:13  SCV  
  14  0:18  Supply Depot  
  14  0:25  SCV  
  15  0:40  SCV  
  15  0:41  Barracks  
  16  0:45  Refinery  
  16  0:52  SCV  
  18  1:04  SCV  
  18  1:16  SCV  
  19  1:28  Reaper  
  19  1:29  Orbital Command  
  20  1:45  Command Center  
  20  1:55  SCV  
  20  1:57  Supply Depot  
  21  2:05  Marine  
  21  2:07  SCV  
  23  2:14  Factory  
  23  2:19  Refinery  
  23  2:20  SCV  
  24  2:27  Barracks Reactor  
  24  2:32  SCV  
  25  2:44  SCV  
  26  2:57  SCV  
  26  2:58  Orbital Command  
  27  2:59  Starport  
  27  3:10  Hellion x2  
  27  3:11  SCV  
  32  3:14  Barracks Tech Lab  
  32  3:23  SCV  
  32  3:25  SCV  
  34  3:32  Hellion x2  
  38  3:35  SCV  
  38  3:36  Liberator  
  38  3:40  SCV  
  43  3:43  Supply Depot  
  43  3:48  SCV  
  44  3:53  SCV  
  45  4:05  SCV, Hellion x2  
  45  4:06  SCV  
  45  4:08  Supply Depot  
  51  4:10  Supply Depot  
  51  4:17  SCV  
  51  4:18  SCV  
  51  4:22  Stimpack  
  52  4:34  SCV x2  
  52  4:37  Command Center  
  54  4:43  Starport Reactor, Marine  
  54  4:45  Barracks  
  55  4:46  Barracks  
  55  4:47  SCV x2  
  55  4:50  Supply Depot  
  57  4:59  SCV x2  
  59  5:00  Factory Tech Lab  
  59  5:04  Marine  
  60  5:13  SCV  
  55  5:20  Siege Tank  
  50  5:22  Viking x2, Marine  
  33  5:39  Marine  
  23  5:57  Marine  
  23  6:04  Marine  
  15  6:05  Viking, Hellion  
  15  6:06  Viking  
  22  6:11  SCV  
  22  6:15  Marine  
  22  6:30  Marine  
  20  6:33  Marine  
  20  6:38  Orbital Command  
  16  6:45  Hellion  
  18  6:48  Marine  
  18  6:51  Marine  
  16  7:02  SCV  
  16  7:06  Marine  
  18  7:09  Marine  
  18  7:24  Marine  
  18  7:26  Marine  
  20  7:31  Hellion  
  20  7:36  SCV  
  23  7:42  Marine  
  24  7:45  Marine  
  25  7:53  SCV  
  26  8:14  Marine x2  
  26  8:25  SCV x2  
  28  8:36  Medivac  
  30  8:45  Supply Depot  
  30  9:05  Supply Depot  
  30  9:07  SCV, Marine x2  
  33  9:24  SCV  
  33  9:25  Marine x2  
  36  9:36  Hellion  
  36  9:38  SCV  
  39  9:42  SCV  
  40  9:52  Marine x2  
  40  9:58  SCV x2  
  44  10:11  Medivac  
  46  10:24  Supply Depot  
  46  10:44  Marine  
Tags
 
Add a new tag
Caveats
  • Supply blocks, unpowered buildings, or Contaminate may cause inaccurate times.
  • Supply counts are checked every 10 seconds.